 Dungeon Crawl Stone Soup version 0.20.1-1-g8b1a95d (webtiles) character file.

816 froobite the Ducker (level 7, -10/105 HPs)
             Began as a Troll Berserker on July 31, 2017.
             Was a Believer of Trog.
             Mangled by a two-headed ogre
             ... wielding a +0 giant spiked club
              (21 damage)
             ... on level 6 of the Dungeon.
             The game lasted 00:27:21 (3411 turns).

froobite the Ducker (Troll Berserker)               Turns: 3411, Time: 00:27:22

Health: -10/105    AC:  6    Str: 31    XL:     7   Next: 62%
Magic:  6/6        EV: 11    Int:  5    God:    Trog [**....]
Gold:   232        SH:  4    Dex:  9    Spells: 6/6 levels left

rFire    x . .     SeeInvis .   h - +1 rapier (vamp)
rCold    + . .     Gourm    +   (no shield)
rNeg     . . .     Faith    .   g - +1 robe {GUCCI}
rPois    .         Spirit   .   (helmet restricted)
rElec    .         Reflect  +   (no cloak)
rCorr    .         Harm     .   (gloves unavailable)
MR       .....                  (boots unavailable)
Stlth    ..........             q - +4 amulet of reflection
Regen    0.7/turn               s - ring of ice
MPRegen  0.1/turn               (no ring)

@: berserking, very quick
A: unfitting armour, claws 3, fast metabolism 3, gourmand, regeneration 1,
shaggy fur 1, tough skin 2
a: Berserk, Trog's Hand, Burn Spellbooks, Renounce Religion


You were on level 6 of the Dungeon.
You worshipped Trog.
Trog was pleased with you.
You were very hungry.

You visited 1 branch of the dungeon, and saw 6 of its levels.

You collected 232 gold pieces.

Inventory:

Hand Weapons
 h - a +1 vampiric rapier (weapon)
 m - a +0 short sword
 t - a cursed -2 long sword
 x - a +1 rapier of holy wrath
Missiles
 l - 6 tomahawks (quivered)
Armour
 a - a +0 animal skin
 c - a +0 robe
 g - a +1 robe (worn) {GUCCI}
Jewellery
 q - a +4 amulet of reflection (around neck)
 s - a ring of ice (left claw)
 w - an uncursed amulet of the gourmand {unknown}
Wands
 o - a wand of flame (13/48)
 v - a wand of confusion (16/48)
 y - a wand of disintegration (11/24)
Scrolls
 j - 2 scrolls of recharging
 r - 2 scrolls of identify
Potions
 d - a potion of mutation {unknown}
 e - a potion of curing {unknown}
 f - a potion of haste {unknown}
 i - 2 potions of resistance
 n - 2 potions of might {unknown}
 p - 2 potions of heal wounds {unknown}
 u - a potion of cancellation {unknown}
Comestibles
 b - 3 bread rations
 k - 4 fruits
 z - a meat ration


   Skills:
 + Level 4.1 Fighting
 + Level 3.5 Short Blades
 + Level 0.5 Throwing
 + Level 4.7 Dodging
 + Level 0.4 Stealth
 + Level 4.1 Unarmed Combat
 + Level 0.3 Evocations


You had 6 spell levels left.
You didn't know any spells.

Dungeon Overview and Level Annotations

Branches:
Dungeon (6/15)
 Temple: D:4-7

Altars:
Fedhas
Nemelex Xobeh
Trog
Xom
Zin
The Shining One

Shops:
D:5 :   D:6 [


Innate Abilities, Weirdness & Mutations

You are too large for most types of armour.
You have claws for hands.
Your metabolism is lightning-fast.
You like to eat raw meat.
Your natural rate of healing is unusually fast.
You are covered in fur. (AC +1)
You have very tough skin. (AC +2)


Message History

The two-headed ogre hits you with a giant spiked club!
You hit the two-headed ogre.
The two-headed ogre is lightly wounded.
You hit the two-headed ogre.
You feel better.
The two-headed ogre is moderately wounded.
The two-headed ogre hits you with a giant spiked club!! x2
* * * LOW HITPOINT WARNING * * *
You puncture the two-headed ogre!
The two-headed ogre is moderately wounded.
The two-headed ogre hits you with a giant spiked club.
* * * LOW HITPOINT WARNING * * *
You block the two-headed ogre's attack.
You hit the two-headed ogre.
You feel better.
The two-headed ogre is heavily wounded.
A red film seems to cover your vision as you go berserk!
You feel yourself moving faster!
You feel mighty!
You are feeling very hungry.
The two-headed ogre closely misses you.
The two-headed ogre hits you with a giant spiked club!!
You die...

### ## #. #.. ..##
#.## #?# ...# #....
#.##...# #+#### #....
#.#....# .....#
.....#...... .....#
####..#[..##.# .....#
.....5O@.....##
.....#
########..#....#
...>##
#...........##.#
###.#####.####.#..#.#
#.(.....# #.#.#..#
#.####### #.#.......
#.# #.####.### #.#
#.. .# # #.# ### .#


You could see a two-headed ogre and a crimson imp.

Vanquished Creatures
  The ghost of tmwrnj the Shield-Bearer, an amateur HOFi (D:4)
  An ogre (D:4)
  3 scorpions (D:5)
  A crimson imp (D:5)
  2 hounds
  A jelly (D:6)
  2 orc priests
  Terence (D:3)
  2 worker ants (D:5)
  A hound zombie (D:5)
  5 adders
  4 gnolls (D:5)
  A worm (D:4)
  2 dart slugs
  3 leopard geckos
  10 orcs
  A ball python (D:6)
  4 giant cockroaches
  5 hobgoblins
  4 jackals (D:4)
  6 bats (D:1)
  5 frilled lizards
  6 goblins
  2 kobolds (D:3)
  8 rats
81 creatures vanquished.

Vanquished Creatures (others)
  A centaur (D:5)
1 creature vanquished.

Grand Total: 82 creatures vanquished

Notes
Turn   | Place    | Note
-------+----------+-------------------------------------------
     0 | D:1      | froobite the Troll Berserker began the quest for the Orb.
     0 | D:1      | Reached XP level 1. HP: 22/22 MP: 0/0
   352 | D:1      | Reached XP level 2. HP: 29/29 MP: 1/1
   938 | D:2      | You fall through a shaft!
   944 | D:3      | Noticed Terence
   949 | D:3      | Killed Terence
   949 | D:3      | Reached XP level 3. HP: 33/36 MP: 2/2
  1047 | D:3      | Reached ** piety under Trog
  1175 | D:3      | Reached XP level 4. HP: 44/44 MP: 3/3
  1518 | D:4      | Noticed an ogre
  1526 | D:4      | HP: 1/44 [ogre/giant spiked club (32)]
  1531 | D:4      | Killed an ogre
  1531 | D:4      | Reached skill level 1 in Short Blades
  1531 | D:4      | Reached XP level 5. HP: 4/53 MP: 4/4
  1638 | D:4      | Found a glowing golden altar of the Shining One.
  1695 | D:4      | Found a shimmering altar of Xom.
  1813 | D:4      | Noticed tmwrnj's ghost (amateur HOFi)
  1832 | D:4      | Killed tmwrnj's ghost
  1832 | D:4      | Reached XP level 6. HP: 59/61 MP: 5/5
  2091 | D:5      | Entered Level 5 of the Dungeon
  2311 | D:5      | Found a bloodstained altar of Trog.
  2591 | D:5      | Found Zosk's Book Shoppe.
  2605 | D:5      | Reached XP level 7. HP: 51/68 MP: 6/6
  2659 | D:5      | Found a sparkling altar of Nemelex Xobeh.
  2852 | D:5      | Found a blossoming altar of Fedhas.
  3165 | D:6      | Found Doinwu's Armour Shop.
  3304 | D:6      | Found a glowing silver altar of Zin.
  3397 | D:6      | Noticed a two-headed ogre
  3409 | D:6      | HP: 1/70 [two-headed ogre/giant spiked club (6)]
  3411 | D:6      | Mangled by a two-headed ogre

Skill      XL: |  1  2  3  4  5  6  7 |
---------------+----------------------+-----
Dodging        | 3 4 |  4.7
Fighting       | 3 4 |  4.1
Short Blades   | 1 2 3 |  3.5
Unarmed Combat | 4 |  4.1
Throwing       | |  0.5
Stealth        | |  0.4
Evocations     | |  0.3

Action                   |  1- 3 |  4- 6 |  7- 9 || total
-------------------------+-------+-------+-------++-------
Melee: Unarmed           |    58 |       |       ||    58
       Short sword       |    36 |   181 |       ||   217
       Punch             |       |     5 |     2 ||     7
       Rapier            |       |       |    86 ||    86
Throw: Tomahawk          |     3 |       |     2 ||     5
Invok: Berserk           |       |     2 |     1 ||     3
       Trog's Hand       |       |     1 |       ||     1
Evoke: Wand              |       |     5 |       ||     5
  Use: Scroll            |     3 |     3 |     5 ||    11
  Eat: Chunk             |     6 |    12 |     2 ||    20
       Bread ration      |     1 |       |     1 ||     2
       Royal jelly       |       |     1 |       ||     1
       Meat ration       |       |       |     1 ||     1
Armor: Robe              |    66 |    53 |    36 ||   155
Dodge: Dodged            |    86 |   117 |    53 ||   256
Block: Other             |       |    29 |    28 ||    57
       Reflection        |       |       |     2 ||     2
